 Dungeon Crawl Stone Soup version 0.30-a0-368-g86fb4627a9 (webtiles) character file.

Game seed: 3656403435151561526

2 qeuew the Chopper (level 1, -1/20 HPs)
             Began as a Minotaur Berserker on Nov 18, 2022.
             Was a Follower of Trog.
             Slain by a rat (3 damage)
             ... on level 1 of the Dungeon.
             The game lasted 00:00:11 (116 turns).

qeuew the Chopper (Minotaur Berserker)               Turns: 116, Time: 00:00:12

Health: -1/20      AC:  3    Str: 21    XL:     1   Next: 25%
Magic:  0/0        EV: 12    Int:  4    God:    Trog [*.....]
Gold:   33         SH:  0    Dex:  9    Spells: 0/0 levels left

rFire   . . .      SeeInvis .    a - +0 hand axe
rCold   . . .      Faith    .    (no shield)
rNeg    . . .      Spirit   .    b - +0 animal skin
rPois   .          Reflect  .    (helmet restricted)
rElec   .          Harm     .    (no cloak)
rCorr   .          Rampage  .    d - +0 pair of gloves
Will    .....                    (no boots)
Stlth   +.........               (no amulet)
HPRegen 0.23/turn                (no ring)
MPRegen 0.07/turn                (no ring)

@: no status effects
A: horns 2, retaliatory headbutt
a: Renounce Religion, Berserk


You were on level 1 of the Dungeon.
You worshipped Trog.
Trog was aware of your devotion.
You visited 1 branch of the dungeon, and saw 1 of its levels.

You collected 33 gold pieces.

Inventory:

Hand Weapons
 a - a +0 hand axe (weapon)
Armour
 b - a +0 animal skin (worn)
 d - a +0 pair of gloves (worn)
Scrolls
 c - a scroll of enchant armour {unknown}


   Skills:
 + Level 3.6 Fighting
 * Level 3.7 Axes
 + Level 2.4 Armour
 + Level 2.2 Dodging


You couldn't memorise any spells.
You didn't know any spells.
Your spell library was empty.

Dungeon Overview and Level Annotations

Branches:
Dungeon (1/15)

Altars:


Innate Abilities, Weirdness & Mutations

You have a pair of horns on your head.
You reflexively headbutt those who attack you in melee.


Message History

A rat comes into view.
The hobgoblin shouts!
The goblin shouts!
A frilled lizard comes into view.
Found a stone staircase leading down.
The kobold throws a stone.
The stone misses you.
You barely miss the hobgoblin.
The frilled lizard hisses angrily.
You headbutt the hobgoblin.
The hobgoblin is moderately wounded.
The hobgoblin barely misses you.
You barely miss the hobgoblin.
The hobgoblin is moderately wounded.
You closely miss the kobold. The kobold closely misses you.
The hobgoblin misses you. You furiously retaliate!
You headbutt the hobgoblin. You completely miss the hobgoblin.
The hobgoblin is severely wounded.
You barely miss the kobold. You hit the goblin but do no damage.
The kobold hits you with a +0 short sword.
The goblin hits you but does no damage. The hobgoblin hits you.
You closely miss the hobgoblin. Your headbutt misses the hobgoblin.
The hobgoblin is severely wounded.
You hit the goblin.
You kill the goblin!
Trog accepts your kill.
You closely miss the kobold. The kobold closely misses you.
The hobgoblin hits you.
You barely miss the hobgoblin. Your headbutt misses the hobgoblin.
The hobgoblin is severely wounded.
You hit the kobold. You hit the rat but do no damage. The hobgoblin hits you.
The kobold hits you with a +0 short sword.
* * * LOW HITPOINT WARNING * * *
The rat bites you.
* * * LOW HITPOINT WARNING * * *
You closely miss the hobgoblin.
The hobgoblin is severely wounded.
You hit the kobold. You barely miss the rat. The kobold misses you.
The hobgoblin hits you.
* * * LOW HITPOINT WARNING * * *
The rat bites you.
You die...

... .#. ... ...
.... .. >......
.....#. ......l
......K##########
......g@>........
......r......##
#.#
.......##.#..#
#.# .......
#.#..# #.#
....... #.#..#
#.# #######
#.#..#########.#
#.....).........
###....).#####.#
#.##...## #...


You could see a hobgoblin, a kobold, a frilled lizard and a rat.

Vanquished Creatures
  2 goblins (D:1)
2 creatures vanquished.

Notes
Turn   | Place    | Note
-------+----------+-------------------------------------------
     0 | D:1      | qeuew the Minotaur Berserker began the quest for the Orb.
     0 | D:1      | Reached XP level 1. HP: 19/19 MP: 0/0
   116 | D:1      | Slain by a rat

Illustrated notes

Levels and vault maps discovered:
D:1:      minmay_arrival_three_doors, layout_loops_ring

Action                   || total
-------------------------++-------
Melee: Hand axe          ||     7
       Headbutt          ||     1
Armor: Animal skin       ||     1
Dodge: Dodged            ||     8

Table legend: (Time is in decaauts)
 A = Elapsed time spent in this place.
 B = Non-inter-level travel time spent in this place.
 C = Inter-level travel time spent in this place.
 D = Time resting spent in this place.
 E = Time spent auto-exploring this place.
 F = Levels seen in this place.
 G = Mean time per level.
                   A        B        C        D        E       F      G
               +--------+--------+--------+--------+--------+-----+--------+
         Total |    116 |    116 |      0 |      0 |     94 |   1 |  116.0 |
       Dungeon |    116 |    116 |      0 |      0 |     94 |   1 |  116.0 |
               +--------+--------+--------+--------+--------+-----+--------+

Top non-repeatable levels by time:
     D:1: 116 daAuts
